 Dungeon Crawl Stone Soup version 0.29.1-15-g9cfb28693d (webtiles) character file.

Game seed: 2044979428916333969

2985 Awesone959 the Cleaver (level 9, 0/71 HPs)
             Began as a Minotaur Berserker on Mar 21, 2023.
             Was a Believer of Trog.
             Slain by a wyvern (4 damage)
             ... on level 8 of the Dungeon.
             The game lasted 00:15:14 (6813 turns).

Awesone959 the Cleaver (Minotaur Berserker)         Turns: 6813, Time: 00:15:15

Health: 0/71       AC:  8    Str: 26    XL:     9   Next: 53%
Magic:  6/6        EV: 11    Int:  4    God:    Trog [**....]
Gold:   224        SH:  4    Dex: 10    Spells: 8/8 levels left

rFire   . . .      SeeInvis .   u - +2 hand axe (elec)
rCold   + . .      Faith    .   k - +0 buckler
rNeg    . . .      Spirit   .   m - +0 scale mail
rPois   .          Reflect  .   (helmet restricted)
rElec   .          Harm     .   (no cloak)
rCorr   .          Rampage  .   (no gloves)
Will    .....                   (no boots)
Stlth   ..........              (no amulet)
HPRegen 0.21/turn               r - ring of protection from cold
MPRegen 0.10/turn               (no ring)

@: no status effects
A: horns 2, retaliatory headbutt, frail 1, low MP 2
a: Renounce Religion, Berserk, Trog's Hand


You were on level 8 of the Dungeon.
You worshipped Trog.
Trog was pleased with you.
You visited 2 branches of the dungeon, and saw 9 of its levels.

You collected 324 gold pieces.
You spent 100 gold pieces at shops.

Inventory:

Hand Weapons
 a - a +0 hand axe
 u - a +2 hand axe of electrocution (weapon)
 y - a +0 battleaxe
Missiles
 o - 10 boomerangs (quivered)
Armour
 b - a +0 animal skin
 k - a +0 buckler (worn)
 m - a +0 scale mail (worn)
 D - +0 steam dragon scales
Jewellery
 r - a ring of protection from cold (left hand)
 A - a ring of fire
Wands
 s - a wand of flame (32)
Scrolls
 c - 4 scrolls of magic mapping {unknown}
 d - 2 scrolls of poison {unknown}
 f - 2 scrolls of teleportation {unknown}
 g - 2 scrolls of vulnerability {unknown}
 h - 2 scrolls of amnesia {unknown}
 i - 3 scrolls of identify {unknown}
 p - 2 scrolls of blinking {unknown}
 t - 2 scrolls of enchant armour {unknown}
 v - a scroll of fear {unknown}
 w - a scroll of summoning {unknown}
 z - 2 scrolls of silence {unknown}
Potions
 e - 2 potions of mutation
 j - 2 potions of cancellation
 l - 2 potions of might {unknown}
 n - a potion of curing
 q - 2 potions of magic {unknown}
 x - a potion of berserk rage {unknown}
 B - a potion of brilliance
 C - a potion of flight {unknown}


   Skills:
 + Level 7.1 Fighting
 + Level 10.0 Axes
 + Level 9.0 Armour
 + Level 5.4 Dodging
 + Level 1.9 Stealth
 + Level 3.6 Shields


You had 8 spell levels left.
You didn't know any spells.
Your spell library was empty.

Dungeon Overview and Level Annotations

Branches:
Dungeon (8/15)             Temple (1/1) D:4
   Lair: D:8-11

Altars:
Cheibriados
Dithmenos
Fedhas
Gozag
Hepliaklqana
Kikubaaqudgha
Makhleb
Okawaru
Qazlal
Ru
Sif Muna
Trog
Uskayaw
Yredelemnul

Shops:
D:2 [   D:4 *:   D:5 (   D:7 =

Annotations:
D:7 3 runed translucent doors, Zeebu's ghost, novice MiFi


Innate Abilities, Weirdness & Mutations

You have a pair of horns on your head.
You reflexively headbutt those who attack you in melee.
You are frail. (-10% HP)
Your magical capacity is very low. (-20% MP)


Message History

Gargbit's ghost is severely damaged.
You slash gargbit's ghost!
Lightning courses through gargbit's ghost!
Gargbit's ghost is almost destroyed.
Gargbit's ghost hits you!
* * * LOW HITPOINT WARNING * * *
You closely miss gargbit's ghost. You headbutt gargbit's ghost.
You destroy gargbit's ghost!
Trog accepts your kill.
Your Fighting skill increases to level 7!
Your Axes skill increases to level 10!
Your Armour skill increases to level 9!
You feel a strong urge to attack something.
You feel your anger nearly subside.
You are no longer berserk.
You are exhausted.
You feel yourself slow down.
There is an open translucent gate here.
l - 2 purple potions (gained 1)
You start resting.
You feel yourself speed up.
There is an open translucent gate here.
You start resting.
You recover from your berserk rage.
You start resting.
A wyvern comes into view.
A wyvern is nearby!
A wyvern is nearby!
A wyvern is nearby!
The wyvern bites you!
* * * LOW HITPOINT WARNING * * *
The wyvern barely misses you.
There is an open translucent gate here.
The wyvern barely misses you.
The wyvern bites you but does no damage.
The wyvern bites you but does no damage.
You barely miss the wyvern. The wyvern barely misses you. The wyvern bites you!
* * * LOW HITPOINT WARNING * * *
You hit the wyvern.
The wyvern is lightly wounded.
The wyvern bites you.
You die...

#.............## #
#.......#......# ###.
#........).....#
.....##.........#....#
..............<.#..###
....###.......####.#
.. #.....#..#####
#...........#
#......@....#
#...###l''###
#......#(....(.#
##.....#..(....#
##....#....(..#
##(..#8(.....#
##..#.....(.#
#..#########


You could see a wyvern.

Vanquished Creatures
  The ghost of gargbit the Grappler, a novice TrFi of Wu Jian (D:8)
  A cyclops (D:7)
  2 steam dragons (D:7)
  A water moccasin (D:7)
  An ice beast (D:6)
  An ogre (D:5)
  An orc warrior (D:6)
  2 black bears
  2 centaurs
  A kobold brigand (D:5)
  A bullfrog (D:7)
  3 necrophages
  2 scorpions
  4 hounds
  A gnoll bouda (D:6)
  An orc priest (D:5)
  An iron imp (D:6)
  2 iguanas
  4 orc wizards
  12 gnolls
  2 adders (D:3)
  2 white imps
  4 worms
  A dart slug (D:4)
  28 orcs
  3 ball pythons
  3 endoplasms
  A giant cockroach (D:2)
  4 goblins
  2 hobgoblins (D:1)
  4 quokkas
  5 bats
  2 frilled lizards (D:2)
  4 kobolds
  A rat (D:2)
110 creatures vanquished.

Notes
Turn   | Place    | Note
-------+----------+-------------------------------------------
     0 | D:1      | Awesone959 the Minotaur Berserker began the quest for the
                  | Orb.
     0 | D:1      | Reached XP level 1. HP: 19/19 MP: 0/0
   219 | D:1      | Gained mutation: Your magical capacity is low. (-10% MP)
                  | [potion of mutation]
   219 | D:1      | Gained mutation: Your magical capacity is very low. (-20%
                  | MP) [potion of mutation]
   219 | D:1      | Gained mutation: You are frail. (-10% HP) [potion of
                  | mutation]
   339 | D:2      | Found a faded altar of an unknown god.
   348 | D:2      | Reached XP level 2. HP: 24/24 MP: 0/0
   498 | D:2      | Reached skill level 4 in Axes
   819 | D:2      | Found Yqyiff's Antique Armour Shoppe.
  1502 | D:3      | Reached XP level 3. HP: 29/29 MP: 1/1
  1536 | D:3      | HP: 1/30 [poisoned by an adder]
  2331 | D:2      | Bought a scale mail for 100 gold pieces
  2440 | D:4      | Found Xowey's Gadget Gallery.
  2556 | D:4      | Found an iron altar of Okawaru.
  2560 | D:4      | Noticed a black bear
  2574 | D:4      | Killed a black bear
  2575 | D:4      | Reached skill level 5 in Axes
  2575 | D:4      | Reached XP level 4. HP: 14/36 MP: 2/2
  2575 | D:4      | Reached XP level 5. HP: 16/42 MP: 3/3
  2883 | D:4      | Found a staircase to the Ecumenical Temple.
  2898 | Temple   | Entered the Ecumenical Temple
  3058 | D:4      | Found Iheikuit's Tremendous Tomes.
  3233 | D:4      | Found a burning altar of Makhleb.
  3277 | D:5      | Entered Level 5 of the Dungeon
  3325 | D:5      | Reached skill level 5 in Fighting
  3346 | D:5      | Identified the +9 dagger of Liotysy {vorpal, MP+9 Str+2
                  | Int+2}
  3411 | D:5      | Found Wuqit's Firing Range.
  3414 | D:5      | Reached XP level 6. HP: 50/50 MP: 3/3
  3574 | D:5      | Reached skill level 1 in Shields
  3660 | D:5      | Reached skill level 6 in Axes
  3949 | D:5      | Reached skill level 5 in Armour
  3949 | D:5      | Reached skill level 1 in Stealth
  3949 | D:5      | Reached XP level 7. HP: 31/54 MP: 4/4
  3990 | D:6      | HP: 1/54 [orc/+0 trident (6)]
  4458 | D:6      | Reached ** piety under Trog
  4459 | D:6      | Reached skill level 7 in Axes
  4659 | D:6      | Reached XP level 8. HP: 46/63 MP: 5/5
  4808 | D:6      | Found a snail-covered altar of Cheibriados.
  5148 | D:6      | Reached skill level 8 in Axes
  5191 | D:6      | Identified the +3 short sword of the Pure Coins {venom,
                  | Dex+5}
  5539 | D:7      | Noticed a cyclops
  5554 | D:7      | Killed a cyclops
  5900 | D:7      | Found Vilydak's Jewellery Emporium.
  5947 | D:7      | Reached skill level 9 in Axes
  5950 | D:7      | Reached skill level 5 in Dodging
  5954 | D:7      | Reached XP level 9. HP: 65/70 MP: 6/6
  6472 | D:7      | Found a runed translucent gate.
  6476 | D:7      | Found a runed translucent gate.
  6477 | D:7      | Noticed a kobold demonologist
  6477 | D:7      | Noticed Zeebu's ghost (novice MiFi)
  6486 | D:7      | Found a runed translucent gate.
  6696 | D:8      | Found a runed translucent gate.
  6719 | D:8      | Found a runed translucent gate.
  6726 | D:8      | Found a runed translucent gate.
  6727 | D:8      | Noticed gargbit's ghost (novice TrFi)
  6745 | D:8      | Killed gargbit's ghost
  6746 | D:8      | Reached skill level 10 in Axes
  6812 | D:8      | HP: 3/71 [wyvern (13)]
  6813 | D:8      | Slain by a wyvern

Illustrated notes

Levels and vault maps discovered:
D:1:      psy_arrival_heroes, layout_rooms, serial_glass, glass_columns_b,
          glass_columns_c, minmay_hedge_maze
D:2:      layout_basic, hellmonk_ecumenical_altar_heavens_door, serial_shops,
          shop
D:3:      layout_rooms, zin_angel, kennysheep_generic_room_12
D:4:      layout_basic, kennysheep_little_box, okawaru_gym_becter,
          fiery_altar_vehumet, minmay_temple_entry_wispy,
          nicolae_shop_i_like_big_books, hangedman_abyss_or_decor_stagger,
          nicolae_shop_gadgets, uniq_crazy_yiuf_cottage
D:5:      layout_basic, nemelex_dance_club_becter, nicolae_shop_firing_range
D:6:      layout_layer_cave, slow_altar_2
D:7:      layout_cave_pools, gammafunk_ghost_nasty_kobolds, serial_shops,
          nicolae_shop_waterfront
D:8:      layout_cave_pools, kb_xom_exploding_sheep, tso_metal_star,
          ebering_ghost_rock_garden
Temple:   hellmonk_temple_forest_ring

Skill      XL: |  1  2  3  4  5  6  7  8  9 |
---------------+----------------------------+-----
Fighting       | 4 5 6 7 |  7.1
Axes           | 4 5 6 7 9 10 | 10.0
Armour         | 3 5 6 7 9 |  9.0
Dodging        | 3 4 5 |  5.4
Shields        | 1 2 3 |  3.6
Stealth        | 1 |  1.9

Action                   |  1- 3 |  4- 6 |  7- 9 || total
-------------------------+-------+-------+-------++-------
Melee: Hand axe          |    87 |    47 |   122 ||   256
       Headbutt          |    17 |     8 |    20 ||    45
Invok: Berserk           |     4 |     2 |     5 ||    11
  Use: Potion            |     3 |       |     2 ||     5
Armor: Animal skin       |    22 |       |       ||    22
       Scale mail        |    17 |    15 |    44 ||    76
Dodge: Dodged            |    62 |    22 |    80 ||   164
Block: Buckler           |     4 |     7 |    27 ||    38
